[Event "*** Titled Tuesday Blitz"]
[Site "Chess.com"]
[Date "2021.04.27"]
[Round "3"]
[White "Yaryi_sergey"]
[Black "jacky72"]
[Result "0-1"]
[WhiteElo "2436"]
[BlackElo "2717"]
[TimeControl "180+1"]
[EndTime "10:28:20 PDT"]
[Termination "jacky72 won on time"]

1. Nf3 Nf6 2. g3 g6 3. Bg2 Bg7 4. O-O O-O 5. d4 d6 6. c4 Nc6 7. d5 Na5 8. Nfd2 c5 9. dxc6 bxc6 10. Nc3 Rb8 11. Nb3 Nxc4 12. Bxc6 Bh3 13. Bg2 Bxg2 14. Kxg2 Qb6 15. Rb1 Rfc8 16. Bg5 Qc6+ 17. Kg1 Nxb2 18.
Rxb2 Qxc3 19. Bxf6 Bxf6 20. Rd2 a5 21. Rd3 Qb4 22. Qd2 a4 23. Nd4 Qxd2 24. Rxd2 a3 25.
Nb3 Rc4 26. Rfd1 Rbc8 27. Kg2 Rc2 28. e3 Rb2 29. Nd4 Bxd4 30. exd4 Rcc2 31. Rxc2 Rxc2 32. Re1 Kf8 33. Ra1 Rd2 34. Re1 Rxa2 35. Re3 h5 36. d5 Ke8 37. h4 Ra1 38. Rb3 Kd7 39.
Rb7+ Kd8 40. Ra7 Rd1 41. Ra8+ Kc7 42. Ra7+ Kb6 43. Rxa3 Rxd5 44. Ra8 Kc6 45. Ra7 Re5 46. f4 Re6 47. Kf3 Kd5 48. Ra5+ Kc4 49. Ra4+ Kb5 50. Ra7 d5 51. Rc7 d4 52. Rd7 Kc4 53. Rc7+ Kd3 54. Rd7 Kc3 55. Kf2 d3 56. Rc7+ Kb2 57. Rb7+ Kc2 58. Rc7+ Kd1 59. Rc3 d2 60. Rc7 f6 61.
Rc5 Re2+ 62. Kf1 Re3 63. Kf2 Ra3 64. Rc6 e5 65. Rxf6 exf4 66. Rxf4 Kc2 67. Rc4+ Kd3 0-1

[Event "*** Titled Tuesday Blitz"]
[Site "Chess.com"]
[Date "2021.04.27"]
[Round "3"]
[White "MFBerna"]
[Black "Chessbard1972"]
[Result "0-1"]
[WhiteElo "2451"]
[BlackElo "2265"]
[TimeControl "180+1"]
[EndTime "10:28:21 PDT"]
[Termination "Chessbard1972 won on time"]

1. e4 c5 2. Nf3 a6 3. c3 d5 4.
exd5 Qxd5 5. d4 Nf6 6. Be3 cxd4 7.
cxd4 Bg4 8. Be2 e6 9. Nc3 Qd6 10. O-O Nc6 11. Qb3 Qb4 12. Qc2 Be7 13. a3 Qd6 14.
Qb3 O-O 15. Rfd1 Rfd8 16. h3 Bh5 17. Rac1 b5 18. a4 Na5 19. Qa2 b4 20. Nb1 b3 21.
Qa1 Nd5 22. Bd2 Nc6 23. Nc3 Ncb4 24. Ne4 Qb6 25. a5 Qa7 26. Qa4 Bg6 27. Nc5 Rab8 28.
Qxb3 Nd3 29. Qa3 Nxc1 30. Rxc1 Rdc8 31. b4 Bxc5 32. dxc5 Qb7 33. Ne5 Be4 34. Qg3 f6 35. Nc4 Qc7 36. Nd6 Bg6 37. Bxa6 Rd8 38. Bc4 Nxb4 39. Bxe6+ Kf8 0-1

[Event "*** Titled Tuesday Blitz"]
[Site "Chess.com"]
[Date "2021.04.27"]
[Round "3"]
[White "lucachess49"]
[Black "rachidhuilda"]
[Result "0-1"]
[WhiteElo "2422"]
[BlackElo "2260"]
[TimeControl "180+1"]
[EndTime "10:28:21 PDT"]
[Termination "rachidhuilda won on time"]

1. d4 Nf6 2. c4 c5 3. d5 b5 4. cxb5 a6 5. bxa6 g6 6. Nc3 Bg7 7. Nf3 O-O 8. e4 Qa5 9. Nd2 Bxa6 10.
Bxa6 Qxa6 11. a4 e6 12. Nb5 Rc8 13. dxe6 fxe6 14. O-O d5 15. exd5 exd5 16. Re1 Nc6 17. Nf3 Na7 18. Nxa7 Rxa7 19. Bg5 d4 20. Qb1 Rb7 21.
Qa2+ c4 22. Nxd4 Rcb8 23. Nb5 Qc6 24. Rac1 Rc8 25. b3 Qd5 26. bxc4 Qxg5 27. c5+ Qd5 28.
Qc2 Rxb5 29. axb5 Ng4 30. h3 Ne5 31. b6 Qd4 32. Qb3+ Kh8 33. b7 Rf8 34. Re2 Rb8 35.
c6 Bf8 36. c7 Re8 37. c8=Q Nf3+ 0-1

[Event "*** Titled Tuesday Blitz"]
[Site "Chess.com"]
[Date "2021.04.27"]
[Round "3"]
[White "canary2016"]
[Black "NaciSAN"]
[Result "0-1"]
[WhiteElo "1982"]
[BlackElo "2287"]
[TimeControl "180+1"]
[EndTime "10:28:21 PDT"]
[Termination "NaciSAN won by checkmate"]

1. d4 d6 2. c4 e5 3. dxe5 dxe5 4. Qxd8+ Kxd8 5. Nf3 f6 6. g3 Be6 7. b3 c6 8. Bg2 Nd7 9. O-O g6 10. Bb2 Kc7 11. Rd1 Bg7 12. Nc3 Ne7 13. Ne4 Nc8 14.
Ba3 Bf8 15. Bxf8 Rxf8 16. Rac1 Bf5 17. Nfd2 a5 18. f3 b6 19. g4 Bxe4 20. Nxe4 Nc5 21. Nxc5 bxc5 22. Rd2 Rd8 23. Rcd1 Rxd2 24. Rxd2 a4 25.
Kf2 axb3 26. axb3 Ra3 27. Rd3 g5 28. Kg3 Ne7 29. h4 h6 30. e3 Ng6 31. hxg5 hxg5 32.
Bh3 Ra2 33. Bg2 Rb2 34. Bh3 Nf4 35. Bf1 Nxd3 36. Bxd3 Rxb3 37. Bf5 Rxe3 38. Kf2 Rc3 39. Be6 Kd6 40. Bg8 e4 41. fxe4 Ke5 42. Bf7 Kxe4 43. Be8 Kf4 44. Bxc6 Kxg4 45. Bd5 Kf4 46. Ke2 f5 47. Kf2 g4 48. Kf1 Ke3 49. Kg2 f4 50. Kf1 f3 51. Kg1 Rc2 52. Kf1 Rc1# 0-1

[Event "*** Titled Tuesday Blitz"]
[Site "Chess.com"]
[Date "2021.04.27"]
[Round "3"]
[White "dbrankovic68"]
[Black "LamaChampetre"]
[Result "1-0"]
[WhiteElo "2459"]
[BlackElo "2209"]
[TimeControl "180+1"]
[EndTime "10:28:22 PDT"]
[Termination "dbrankovic68 won by resignation"]

1. e4 c5 2. Nf3 g6 3. h4 Nc6 4. h5 Bg7 5. d3 d5 6. h6 Bf6 7. exd5 Qxd5 8. Nc3 Qd8 9. Ne4 Bg4 10. Nxf6+ Nxf6 11. Be2 O-O 12. O-O Qd7 13. Bg5 Qf5 14. Qd2 Rad8 15. Nh4 Qc8 16. f3 Be6 17. g4 Nd4 18. Bd1 b5 19. Ng2 Bd5 20. Nf4 Ne6 21. Nxe6 Qxe6 22.
Qe3 Qxe3+ 23. Bxe3 c4 24. Bxa7 Rd7 25. Bc5 Rc8 26.
d4 e5 27. c3 e4 28. f4 e3 29.
Re1 Re8 30. g5 Ne4 31. Rxe3 f5 32. Bf3 Kf7 33. Rae1 Ra8 34. Ba3 Rc8 35. Bd1 Ra8 36. Bc2 Rc8 37. Bb4 Ra8 38. Ra1 Rda7 39. a3 Ra6 40.
Rb1 R6a7 41. Rbe1 Ra6 42. Kh2 R6a7 43. Kg1 Ra6 44. Bxe4 Bxe4 45. Rxe4 fxe4 46. Rxe4 R8a7 47. Re5 Rb7 48. Kf2 Re6 49. Rc5 Re4 50. Kf3 Re1 51.
Rc8 Rb1 52. Rh8 Rxb2 53. Rxh7+ Ke6 54. Rxb7 1-0

[Event "*** Titled Tuesday Blitz"]
[Site "Chess.com"]
[Date "2021.04.27"]
[Round "3"]
[White "BvsN"]
[Black "KIEV-1"]
[Result "0-1"]
[WhiteElo "2352"]
[BlackElo "2214"]
[TimeControl "180+1"]
[EndTime "10:28:23 PDT"]
[Termination "KIEV-1 won by resignation"]

1. c4 c5 2. Nf3 Nc6 3. e3 d6 4.
d4 Nf6 5. d5 Nb8 6. Nc3 g6 7.
e4 Bg7 8. Be2 O-O 9. O-O Na6 10.
h3 Nc7 11. a4 e5 12. Bg5 h6 13. Be3 g5 14. Nh2 Bd7 15. Re1 Nh7 16. g4 b6 17.
Nf1 Rb8 18. Ng3 Re8 19. Kg2 Nf8 20. Nh5 Bh8 21. f3 Ng6 22. Bf2 Nf4+ 23. Nxf4 exf4 24.
Rh1 a6 25. h4 Bg7 26. Rh3 b5 27. axb5 axb5 28. cxb5 Nxb5 29. Nxb5 Bxb5 30. Bxb5 Rxb5 31. b3 Bxa1 32. Qxa1 Rxb3 33. hxg5 Qxg5 34. Rh5 Qg7 35. Qh1 Rxe4 36. Rxh6 Re2 37. Qh4 Rxf2+ 38. Kxf2 Qb2+ 39.
Kg1 Qd4+ 40. Kg2 Qd2+ 41. Qf2 Qxd5 42. Rh5 Qd3 43. Rh1 Rc3 44. Kh3 Qxf3+ 45. Qxf3 Rxf3+ 46. Kh4 d5 47. Kg5 Kg7 48. Re1 d4 49. Re7 Re3 50. Rd7 f3 51. Kh5 f2 52. g5 f1=Q 53. g6 Rh3+ 0-1

[Event "*** Titled Tuesday Blitz"]
[Site "Chess.com"]
[Date "2021.04.27"]
[Round "3"]
[White "Elshan1985"]
[Black "PlotnikovPavel"]
[Result "1-0"]
[WhiteElo "2884"]
[BlackElo "2468"]
[TimeControl "180+1"]
[EndTime "10:28:24 PDT"]
[Termination "Elshan1985 won on time"]

1. Nf3 Nf6 2. g3 d5 3. Bg2 e6 4.
O-O Be7 5. c4 O-O 6. d4 dxc4 7.
Qa4 a6 8. Qxc4 b5 9. Qc2 Bb7 10. Rd1 Be4 11. Qb3 Bd5 12. Qc2 Be4 13. Qb3 Bd5 14.
Qe3 b4 15. h3 Qc8 16. Nbd2 c5 17. b3 cxd4 18. Nxd4 Bxg2 19. Kxg2 Nd5 20. Qf3 Qc3 21. Qxc3 bxc3 22. Nc4 Bc5 23. Nc2 Nc6 24. a3 a5 25.
e4 Nf6 26. f3 Rab8 27. Rb1 e5 28. Be3 Bxe3 29. N4xe3 Rfd8 30. Rxd8+ Rxd8 31. Rd1 Rxd1 32. Nxd1 Nd4 33. Nde3 Nxb3 34. Kf2 Kf8 35. Ke2 Nc1+ 36. Kd1 Nd3 37. Ke2 Nb2 38. Nd1 Nxd1 39. Kxd1 Nh5 40. g4 Nf4 41. Ne3 Nxh3 42. Nc4 f6 43. Nxa5 Ke7 44.
Nb7 Kd7 45. Nc5+ Kd6 46. Nd3 g6 47. Kc2 Nf4 48. Nf2 Ne2 49. Kd3 c2 50. Kxc2 Nd4+ 51.
Kd3 Nxf3 52. Kc4 Nd2+ 53. Kb5 h5 54. gxh5 gxh5 55. a4 Kc7 56. Kc5 h4 57. Kd5 Kd7 58. a5 Nf3 59. Ng4 1-0

[Event "*** Titled Tuesday Blitz"]
[Site "Chess.com"]
[Date "2021.04.27"]
[Round "3"]
[White "Mihnea2017"]
[Black "YaWaleriy"]
[Result "1-0"]
[WhiteElo "2451"]
[BlackElo "2258"]
[TimeControl "180+1"]
[EndTime "10:28:24 PDT"]
[Termination "Mihnea2017 won by checkmate"]

1. e4 e5 2. Nf3 Nc6 3. Nc3 Nf6 4. d4 exd4 5. Nxd4 Bb4 6. Nxc6 bxc6 7. Bd3 d5 8. exd5 cxd5 9. O-O O-O 10. h3 c6 11. Qf3 Re8 12. Bg5 Be7 13. Rfe1 Be6 14.
Na4 h6 15. Bh4 Rb8 16. b3 Rb4 17. Bg3 Bd6 18. c3 Rb8 19. Rad1 Qc7 20. Bxd6 Qxd6 21. c4 Qa3 22. Nc3 dxc4 23. Bxc4 Bxc4 24. bxc4 Qc5 25.
Qf4 Rbc8 26. Rxe8+ Rxe8 27. Rb1 Re6 28. Rb7 g5 29. Qb8+ Kg7 30. Qxa7 Qxc4 31. Rxf7+ Kg6 32. Rg7+ Kf5 33. Qa5+ c5 34. g3 Re1+ 35. Kh2 Rf1 36. g4+ Kf4 37. Qc7+ Kf3 38. Qg3# 1-0

[Event "*** Titled Tuesday Blitz"]
[Site "Chess.com"]
[Date "2021.04.27"]
[Round "3"]
[White "WPWPWP-2015"]
[Black "annacramling"]
[Result "1-0"]
[WhiteElo "2411"]
[BlackElo "2081"]
[TimeControl "180+1"]
[EndTime "10:28:27 PDT"]
[Termination "WPWPWP-2015 won on time"]

1. e4 c5 2. Nf3 e6 3. b3 Nc6 4.
Bb2 d5 5. exd5 exd5 6. Bb5 Nf6 7. O-O Be7 8. h3 O-O 9. Re1 Be6 10. Bxc6 bxc6 11.
d3 Rb8 12. Nbd2 c4 13. Be5 Rb7 14. dxc4 dxc4 15. Nxc4 Rd7 16. Qe2 Bb4 17. Red1 Nd5 18. Ne3 Bc3 19. Rxd5 cxd5 20. Bxc3 d4 21. Nxd4 Rxd4 22.
Bxd4 Qxd4 23. Rd1 Qe4 24. Qd3 Qf4 25. Qd4 Qg5 26. Kh2 h5 27. h4 Qg6 28. c4 Re8 29.
Qxa7 Bg4 30. Rd2 Qf6 31. g3 Qf3 32. Qd4 Re6 33. Qd8+ Kh7 34. Qd5 Rf6 35. Qxf3 Bxf3 36. c5 Bc6 37. b4 Rg6 38. Rb2 Rf6 39. Kg1 Be4 40. Kf1 Ra6 41. Ke2 1-0

[Event "*** Titled Tuesday Blitz"]
[Site "Chess.com"]
[Date "2021.04.27"]
[Round "3"]
[White "AEMEffi"]
[Black "davidkalashian"]
[Result "0-1"]
[WhiteElo "2330"]
[BlackElo "2568"]
[TimeControl "180+1"]
[EndTime "10:28:28 PDT"]
[Termination "davidkalashian won by resignation"]

1. d4 Nf6 2. c4 e6 3. Nc3 Bb4 4. e3 c5 5. Nf3 O-O 6. a3 Bxc3+ 7. bxc3 Nc6 8. Be2 b6 9. O-O Ba6 10. Nd2 Na5 11. Bd3 Rc8 12. Qe2 Qc7 13. Bb2 cxd4 14. cxd4 Bxc4 15. Rac1 Bxd3 16. Qxd3 Qb7 17. e4 d5 18. e5 Ne4 19. Nxe4 dxe4 20. Qe2 Qd5 21. Rfe1 Nb3 22. Rxc8 Rxc8 23. Qe3 Rc2 24. Bc3 a5 25. a4 h6 26. Rb1 Qc4 27. Be1 Nxd4 28. Rxb6 Re2 29. Qc3 Qxc3 30. Bxc3 Rc2 31. Bb2 Rc4 32. Rb8+ Kh7 33. Rb7 Kg6 34. h4 h5 35. Rd7 Nf5 36. g3 e3 37. fxe3 Nxg3 38. Kg2 Nf5 39. Rd2 Rxa4 40.
Bd4 Nxh4+ 41. Kh3 Nf5 42. Rg2+ Kh6 43. Bc5 Rc4 44. Bd4 Nxd4 45. exd4 Rxd4 46. Ra2 a4 47. Re2 g5 48. Kg3 Rd3+ 49. Kf2 g4 0-1

[Event "*** Titled Tuesday Blitz"]
[Site "Chess.com"]
[Date "2021.04.27"]
[Round "3"]
[White "Harald_Schmidt"]
[Black "chessmadara"]
[Result "1-0"]
[WhiteElo "2327"]
[BlackElo "2141"]
[TimeControl "180+1"]
[EndTime "10:28:28 PDT"]
[Termination "Harald_Schmidt won on time"]

1. e4 c5 2. Nf3 d6 3. c3 Nf6 4. h3 Bd7 5. Bd3 Bc6 6. Qe2 c4 7. Bc2 b5 8. d4 cxd3 9. Bxd3 a6 10. O-O g6 11. e5 dxe5 12. Nxe5 Bb7 13. c4 b4 14. Rd1 Qc8 15. a3 bxa3 16. Nxa3 Bg7 17. Bf4 O-O 18. Rac1 Nc6 19. c5 Nxe5 20. Bxe5 Qc6 21. f3 Rad8 22. b4 Qa4 23. Qb2 Bh6 24. Rb1 Nd5 25. Bc2 Qc6 26. Be4 Qe6 27. b5 Be3+ 28.
Kh2 Bxc5 29. Bg7 Bxa3 30. Qxa3 Kxg7 31. bxa6 Ba8 32. a7 Qd6+ 33. Qxd6 Rxd6 34. Rb8 e6 35. Rdb1 Rdd8 36. Rxd8 Rxd8 37. Rb8 Rd7 38. Rxa8 Nb6 39.
Rb8 1-0

[Event "*** Titled Tuesday Blitz"]
[Site "Chess.com"]
[Date "2021.04.27"]
[Round "3"]
[White "anon6121824"]
[Black "juancruzarias"]
[Result "1-0"]
[WhiteElo "2804"]
[BlackElo "2579"]
[TimeControl "180+1"]
[EndTime "10:28:29 PDT"]
[Termination "anon6121824 won by checkmate"]

1. e4 e6 2. d4 d5 3. Nc3 Nf6 4. e5 Nfd7 5. Nce2 c5 6. c3 Nc6 7. Nf3 cxd4 8. cxd4 f6 9. Nf4 Bb4+ 10. Bd2 Qe7 11. Nd3 Bxd2+ 12. Qxd2 fxe5 13. dxe5 O-O 14. Be2 Nc5 15. O-O Ne4 16. Qe3 Bd7 17. Rac1 Be8 18.
Nd4 Rc8 19. f3 Ng5 20. b4 Nf7 21. b5 Nxd4 22. Rxc8 Nxe2+ 23. Qxe2 Bxb5 24. Rxf8+ Qxf8 25. Qe3 Qa3 26. Rd1 Qxa2 27. Nf4 Bd7 28. Rc1 Qa5 29. h4 a6 30. h5 Qd8 31. Nxd5 Bc6 32. Nf4 Qe7 33. Rd1 a5 34. Qa7 g5 35. hxg6 hxg6 36. Qxa5 Qg5 37. Nxe6 Qe3+ 38. Kh2 Qxe5+ 39. Qxe5 Nxe5 40.
Nd8 Kf8 41. Kg3 Ke7 42. Kf4 Nf7 43. Nxf7 Kxf7 44. Ke5 Ke7 45. Rd2 Bd7 46. f4 Bc6 47. Rd6 Bxg2 48. Rxg6 Bf1 49. Rg7+ Kf8 50. Rxb7 Bc4 51.
f5 Ba2 52. Kf6 Kg8 53. Rg7+ Kf8 54. Ra7 Bb3 55. Ra8# 1-0

[Event "*** Titled Tuesday Blitz"]
[Site "Chess.com"]
[Date "2021.04.27"]
[Round "3"]
[White "Forantes"]
[Black "TimurGareyev"]
[Result "0-1"]
[WhiteElo "2498"]
[BlackElo "2734"]
[TimeControl "180+1"]
[EndTime "10:28:29 PDT"]
[Termination "TimurGareyev won on time"]

1. Nf3 d5 2. g3 c6 3. Bg2 Nf6 4. O-O Bg4 5. d4 Nbd7 6. c4 e6 7.
Qb3 Qb6 8. c5 Qa6 9. Nc3 b6 10. cxb6 axb6 11. Bf4 Be7 12. Rfe1 O-O 13. Ne5 Nxe5 14. Bxe5 Nd7 15. Bf4 c5 16. e3 Rfc8 17.
h3 Bh5 18. Nxd5 exd5 19. Qxd5 Nf6 20. Qe5 Re8 21. d5 Rad8 22. e4 Bg6 23. Qc7 Bf8 24.
Bg5 Bd6 25. Qc6 Be5 26. Bxf6 gxf6 27. f4 Bxb2 28. Rad1 Bd4+ 29. Rxd4 cxd4 30. f5 Qa5 31. Rf1 Qc5 32. Qxf6 d3+ 33. Kh2 Qe7 34. Qd4 Bh5 35.
f6 Qe5 36. Qxd3 Bg6 37. Rf4 h5 38. Qd2 Rc8 39. Rf5 Bxf5 40. Qg5+ Bg6 41. Qh6 Qxf6 42.
e5 Qxe5 43. d6 Qxd6 0-1

[Event "*** Titled Tuesday Blitz"]
[Site "Chess.com"]
[Date "2021.04.27"]
[Round "3"]
[White "atwalcb"]
[Black "dusanacns"]
[Result "1-0"]
[WhiteElo "2456"]
[BlackElo "2686"]
[TimeControl "180+1"]
[EndTime "10:28:29 PDT"]
[Termination "atwalcb won on time"]

1. e4 d5 2. Nc3 d4 3. Nce2 e5 4. Ng3 Be6 5. Bb5+ c6 6. Ba4 d3 7.
Nf3 f6 8. O-O Na6 9. Bb3 Bxb3 10. axb3 dxc2 11. Qxc2 Nb4 12. Qc4 Nd3 13. Ne1 Nxe1 14.
Rxe1 Qd7 15. d4 exd4 16. e5 Ne7 17. Bf4 Qd5 18. Qe2 f5 19. Bg5 Qe6 20. Qd3 h6 21. Bxe7 Bxe7 22. Nxf5 O-O 23. Nxd4 Qd5 24. Qc3 Bc5 25.
Nf3 Rad8 26. b4 Bb6 27. e6 Rfe8 28. Re5 Qd3 29. Rae1 Qg6 30. e7 Rd3 31. Qc4+ Kh7 32. Re6 Qf5 33. R6e5 Qg6 34. Nh4 Qd6 35. h3 Rd4 36.
Qc2+ Kg8 37. Re6 Qd5 38. R6e5 Qd6 39. Nf5 Qf6 40. Nxd4 Bxd4 41. Qc4+ 1-0

[Event "*** Titled Tuesday Blitz"]
[Site "Chess.com"]
[Date "2021.04.27"]
[Round "3"]
[White "Lion-Al-Messi"]
[Black "eltrain1971"]
[Result "1-0"]
[WhiteElo "2475"]
[BlackElo "2259"]
[TimeControl "180+1"]
[EndTime "10:28:29 PDT"]
[Termination "Lion-Al-Messi won on time"]

1. e4 e6 2. d4 d5 3. exd5 exd5 4. Bd3 Nf6 5. Bg5 c5 6. Nf3 c4 7. Be2 Be7 8. b3 cxb3 9. axb3 O-O 10. O-O Nc6 11.
Nbd2 h6 12. Bf4 Bf5 13. c4 a6 14. Re1 Re8 15. Nf1 Ne4 16. Rc1 Bb4 17. cxd5 Ne7 18. Bc7 Qc8 19. Bd6 Nxd6 20. Rxc8 Raxc8 21. N1d2 Nxd5 22. Bc4 Nc3 23. Rxe8+ Rxe8 24. Qa1 b5 25. Bf1 a5 26. h3 f6 27. d5 Kh8 28. Nd4 Nxd5 29.
Nxf5 Nxf5 30. Nf3 Bc3 31. Qd1 Nde7 32. Bxb5 Rb8 33. Bc4 Bb4 34. g4 Nd6 35. Be6 Nc6 36. Nh4 Ne5 37. f4 Nef7 38. Ng6+ Kg8 39. Ne7+ Kf8 40. Nc6 Rb6 41. Nxb4 Rxb4 42. Qd2 g5 43. fxg5 hxg5 44. Kg2 Ke7 45. Bxf7 Nxf7 46. Qe3+ Ne5 47.
Qa7+ 1-0

[Event "*** Titled Tuesday Blitz"]
[Site "Chess.com"]
[Date "2021.04.27"]
[Round "3"]
[White "Andrakhanova"]
[Black "Yana_pro"]
[Result "1-0"]
[WhiteElo "2286"]
[BlackElo "1966"]
[TimeControl "180+1"]
[EndTime "10:28:29 PDT"]
[Termination "Andrakhanova won by checkmate"]

1. c4 Nf6 2. Nc3 g6 3. g3 Bg7 4.
Bg2 O-O 5. d4 d6 6. Nf3 Nbd7 7.
O-O e5 8. e4 c6 9. h3 Qb6 10.
b3 exd4 11. Na4 Qa5 12. Nxd4 b5 13. Nxc6 Qc7 14. cxb5 a6 15. Ne7+ Kh8 16. b6 Nxb6 17. Nxb6 Qxb6 18. Be3 Qd8 19. Nxc8 Rxc8 20. Rc1 Qe7 21.
Qd3 Rce8 22. Bg5 Qe5 23. Bf4 Qa5 24. a4 Re6 25. Rc4 Qb6 26. Kh2 Nh5 27. Be3 Qb8 28. Bd4 Nf6 29. Rfc1 Rfe8 30. f3 h5 31. h4 Nh7 32.
Bxg7+ Kxg7 33. Bh3 Rf6 34. Qd4 g5 35. Bf5 gxh4 36.
Bxh7 hxg3+ 37. Kg2 Qxb3 38. Bf5 h4 39. e5 dxe5 40.
Qg4+ Kf8 41. Rc8 Qb2+ 42. R1c2 Rxc8 43. Rxb2 Rd8 44. Qxh4 Rfd6 45. Kxg3 Ke8 46. Rb7 f6 47.
Qh8# 1-0

[Event "*** Titled Tuesday Blitz"]
[Site "Chess.com"]
[Date "2021.04.27"]
[Round "3"]
[White "kingofthenil"]
[Black "MITerryble"]
[Result "0-1"]
[WhiteElo "2644"]
[BlackElo "2888"]
[TimeControl "180+1"]
[EndTime "10:28:30 PDT"]
[Termination "MITerryble won by resignation"]

1. e4 e6 2. d4 d5 3. e5 c5 4.
c3 Qb6 5. Nf3 Bd7 6. Be2 cxd4 7.
cxd4 Bb5 8. Nc3 Bxe2 9. Nxe2 Bb4+ 10. Kf1 Nc6 11. g3 Be7 12. Kg2 h5 13. h4 Nh6 14.
Bxh6 Rxh6 15. Qd2 Qb4 16. Nc3 Rc8 17. Rac1 Rh8 18. Rc2 Kd7 19. Rhc1 Rhf8 20. Qd3 g6 21. a3 Qb3 22. Nd2 Qb6 23. Na4 Qxd4 24. Qb5 Rc7 25. Nb3 Qe4+ 26. f3 Qxe5 27. Nbc5+ Bxc5 28. Nxc5+ Ke7 29. Nxb7 Rb8 30. Qc5+ Kf6 31. Nd6 Rd7 32. Nb5 Ne7 33. Nd4 Qd6 34. Qc3 e5 35. Ne2 d4 36. Qd3 Kg7 37. f4 Nd5 38. fxe5 Qxe5 39. Qxd4 Ne3+ 40. Kf3 Rxd4 0-1

[Event "*** Titled Tuesday Blitz"]
[Site "Chess.com"]
[Date "2021.04.27"]
[Round "3"]
[White "Nozdrachev_Leonid"]
[Black "KyrgyzFighter"]
[Result "1/2-1/2"]
[WhiteElo "2605"]
[BlackElo "2417"]
[TimeControl "180+1"]
[EndTime "10:28:31 PDT"]
[Termination "Game drawn by stalemate"]

1. e4 e6 2. d4 d5 3. e5 c5 4. c3 Nc6 5. Nf3 Bd7 6. Bd3 cxd4 7. cxd4 Qb6 8. O-O Nxd4 9. Nbd2 Nxf3+ 10. Nxf3 Bc5 11.
a3 a5 12. Rb1 a4 13. Ng5 Ne7 14. Qh5 Ng6 15. Nxh7 O-O-O 16. Bxg6 fxg6 17. Qxg6 Kb8 18. Bg5 Rc8 19. Qxg7 Bb5 20. Nf6 Ka7 21. Nd7 Qc7 22. Rfc1 Qxd7 23. Qxd7 Bxd7 24. Rxc5 Rxc5 25. Be3 b6 26.
Bxc5 bxc5 27. g4 c4 28. Rd1 Rb8 29. Rd2 Rb3 30. h4 Bc6 31. h5 Be8 32. Kg2 Kb6 33. f3 Kc5 34. Kg3 d4 35. Kf4 c3 36. bxc3 dxc3 37. Rd8 Bc6 38. Rd1 c2 39. Rc1 Rxf3+ 40.
Kg5 Be4 41. Kh6 Kc4 42. g5 Kc3 43. g6 Rg3 44. g7 Kb2 45. Rxc2+ Bxc2 46. g8=Q Rxg8 1/2-1/2

[Event "*** Titled Tuesday Blitz"]
[Site "Chess.com"]
[Date "2021.04.27"]
[Round "3"]
[White "mirochka"]
[Black "InitiatingASC"]
[Result "0-1"]
[WhiteElo "2230"]
[BlackElo "2418"]
[TimeControl "180+1"]
[EndTime "10:28:32 PDT"]
[Termination "InitiatingASC won on time"]

1. e4 c5 2. b4 e6 3. bxc5 Bxc5 4. d4 Bb4+ 5. c3 Be7 6. Bd3 d6 7. f4 Nf6 8. Nf3 b6 9. O-O O-O 10. Qe2 Bb7 11. e5 Nd5 12. Ng5 Bxg5 13. fxg5 dxe5 14. Qxe5 Nd7 15. Qe4 g6 16. Ba3 Qxg5 17. Bxf8 Rxf8 18. Qf3 Ba8 19. g3 Nxc3 20. Qf2 Qd5 21. Qd2 Qh1+ 22. Kf2 Ne4+ 23. Bxe4 Qxe4 24. Nc3 Qg2+ 25. Ke1 Qc6 26. Rc1 Qd6 27. Qf2 Qa3 28. Qd2 Rd8 29. Nb5 Qe7 30.
Qf2 e5 31. Rc7 exd4+ 32. Kd2 Qb4+ 33. Kd1 Ne5 34. Qf6 Re8 35. Rxf7 Qb1+ 36. Ke2 Ng4+ 37. Kd2 Nxf6 38. R7xf6 Qxb5 39. Rf8+ Rxf8 40. Rxf8+ Kxf8 41. Kc2 Qc4+ 0-1

[Event "*** Titled Tuesday Blitz"]
[Site "Chess.com"]
[Date "2021.04.27"]
[Round "3"]
[White "Karttunen"]
[Black "andrewtnb"]
[Result "0-1"]
[WhiteElo "2504"]
[BlackElo "2248"]
[TimeControl "180+1"]
[EndTime "10:28:33 PDT"]
[Termination "andrewtnb won by resignation"]

1. d4 Nf6 2. c4 e6 3. Nc3 Bb4 4. e3 d5 5. Bd3 O-O 6. Nf3 dxc4 7. Bxc4 a6 8. a3 Be7 9. Bd3 c5 10. Ne5 b5 11. Qf3 Ra7 12. O-O Rc7 13. Rd1 Bb7 14. Qh3 Nbd7 15. Bd2 Nxe5 16. Bxh7+ Nxh7 17. dxe5 Qd3 18. Be1 Qg6 19. Ne2 Ng5 20. Qg3 Qf5 21.
f4 Ne4 22. Qh3 Qxh3 23. gxh3 f6 24. Nc3 fxe5 25. Nxe4 Bxe4 26. Bg3 exf4 27. Bxf4 Rxf4 28. exf4 Bf6 29. Rd6 Bxb2 30. Re1 Bd4+ 31. Rxd4 cxd4 32. Rxe4 Rd7 33. Rxe6 d3 34. Re1 d2 35. Rd1 Kf7 36.
Kf2 Kf6 37. Ke3 Kf5 38. h4 g6 39. h3 a5 40. h5 gxh5 41. Ke2 b4 42. axb4 axb4 43.
Ke3 b3 44. Ke2 b2 45. h4 Rd8 46. Rb1 d1=Q+ 47. Rxd1 Rxd1 48. Kxd1 0-1

[Event "*** Titled Tuesday Blitz"]
[Site "Chess.com"]
[Date "2021.04.27"]
[Round "3"]
[White "DanielTitichoca"]
[Black "Steegersee"]
[Result "1-0"]
[WhiteElo "2399"]
[BlackElo "2213"]
[TimeControl "180+1"]
[EndTime "10:28:33 PDT"]
[Termination "DanielTitichoca won by checkmate"]

1. e4 e6 2. d4 d5 3. Nc3 Nf6 4.
e5 Nfd7 5. f4 c5 6. Nf3 Nc6 7.
Be3 a6 8. Be2 b5 9. Qd2 Qb6 10.
O-O cxd4 11. Nxd4 Bc5 12. Rad1 O-O 13. Kh1 Bxd4 14. Bxd4 Nxd4 15. Qxd4 Bb7 16. Qxb6 Nxb6 17. Bd3 Rfd8 18. Ne2 Nc4 19. Bxc4 dxc4 20. Kg1 Rac8 21. Nd4 c3 22. b3 Kf8 23. Rfe1 Ke7 24. Ne2 Rd2 25. Nxc3 Rxc2 26. Ne4 Bxe4 27. Rxe4 Rxa2 28. Red4 Rc7 29. g4 Rb2 30. b4 Ra2 31. h4 f6 32.
g5 fxe5 33. fxe5 Ra4 34. Rf1 a5 35. Rdf4 Rxb4 36. Rf7+ Kd8 37. Rf8+ Kd7 38. Rd1+ Kc6 39. Re8 a4 40. Rxe6+ Kb7 41. Rdd6 Rg4+ 42. Kf2 b4 43. Rb6+ Kc8 44. Re8+ Kd7 45. Rg8 Rc2+ 46. Kf3 Rgc4 47. Rxg7+ Ke8 48. Rb8+ Rc8 49. Rg8+ Kd7 50. e6+ Kd6 51.
Rgxc8 Rxc8 52. Rxc8 a3 53. Rb8 Kxe6 54. Rxb4 a2 55. Ra4 Kf5 56. Rxa2 Kg6 57. Ra6+ Kh5 58. Rh6# 1-0

[Event "*** Titled Tuesday Blitz"]
[Site "Chess.com"]
[Date "2021.04.27"]
[Round "3"]
[White "volunteers1998"]
[Black "guillembaches"]
[Result "0-1"]
[WhiteElo "2208"]
[BlackElo "2511"]
[TimeControl "180+1"]
[EndTime "10:28:34 PDT"]
[Termination "guillembaches won on time"]

1. e4 c5 2. Nf3 d6 3. d4 cxd4 4. Nxd4 Nf6 5. Nc3 Nc6 6. Be3 Ng4 7. Bb5 Bd7 8. Qe2 Nxe3 9. Qxe3 e6 10. O-O Be7 11.
Rad1 O-O 12. Kh1 Qb6 13. a4 Rad8 14. Nxc6 bxc6 15. Qxb6 axb6 16. Bd3 Bf6 17. f4 Bd4 18. Rf3 e5 19. f5 Ra8 20. Bc4 Rfd8 21. b3 Kf8 22.
Ne2 Bc5 23. Ng3 Be8 24. Nh5 f6 25. Ng3 Bf7 26. Bxf7 Kxf7 27. Rfd3 Ke7 28. h4 Rd7 29.
Ne2 Rad8 30. c4 g6 31. g4 gxf5 32. gxf5 Rg8 33. Rg3 Rdd8 34. Kg2 Rxg3+ 35. Kxg3 Rg8+ 36. Kf3 h5 37. Rh1 Rg4 38. Rh3 Bd4 39. Rg3 Rxh4 40. Rg7+ Ke8 41. Rb7 Rh3+ 42. Kg2 Rxb3 43. Nxd4 exd4 44.
a5 d3 45. a6 d2 46. a7 Ra3 47.
Rb8+ Kf7 48. Rb7+ Kg8 49. Rb8+ Kg7 50. Rb7+ Kh6 0-1

[Event "*** Titled Tuesday Blitz"]
[Site "Chess.com"]
[Date "2021.04.27"]
[Round "3"]
[White "ElCoachRene"]
[Black "AttackSparrow"]
[Result "1-0"]
[WhiteElo "2206"]
[BlackElo "2493"]
[TimeControl "180+1"]
[EndTime "10:28:34 PDT"]
[Termination "ElCoachRene won by checkmate"]

1. d4 Nf6 2. Bf4 g6 3. e3 Bg7 4. Nf3 O-O 5. Nbd2 d6 6. h3 b6 7. Bc4 Bb7 8. O-O Nbd7 9. Qe2 e6 10. Ba6 Bxa6 11. Qxa6 Qe7 12. Rfd1 e5 13. dxe5 dxe5 14.
Bg3 Nc5 15. Qc4 e4 16. Nd4 Nh5 17. Bh2 Qg5 18. b4 Na4 19. Nxe4 Qe7 20. Nc6 Qe8 21. c3 Nb2 22. Qd5 Nxd1 23. Rxd1 Nf6 24. Nxf6+ Bxf6 25.
Bf4 Bxc3 26. Bg5 Bg7 27. Be7 Kh8 28. Bxf8 Qxf8 29. Qd7 a5 30. b5 Rc8 31. Ne7 Re8 32. Nc6 Rc8 33. Qe7 Qg8 34. Rd7 Re8 35. Qxf7 Qxf7 36.
Rxf7 Rc8 37. Ne7 Rd8 38. Nc6 h5 39. Nxd8 Kg8 40. Rxc7 Be5 41. Rc8 Kg7 42. Nc6 Bc3 43. Rb8 Kf6 44. Rxb6 Kf5 45. Ra6 Kf6 46. b6 Kf5 47. b7 Be5 48. Nxe5 Kxe5 49. b8=Q+ Kd5 50. Qb5+ Ke4 51. Re6# 1-0